 Dungeon Crawl Stone Soup version 0.29.1-15-g9cfb28693d (webtiles) character file.

Game seed: 10244875934494794085

95 Peloso the Shield-Bearer (level 4, 0/40 HPs)
             Began as a Minotaur Fighter on Mar 7, 2023.
             Slain by a gnoll
             ... wielding a +0 club
              (8 damage)
             ... on level 2 of the Dungeon.
             The game lasted 00:03:18 (1680 turns).

Peloso the Shield-Bearer (Minotaur Fighter)         Turns: 1680, Time: 00:03:19

Health: 0/40       AC:  7    Str: 21    XL:     4   Next: 40%
Magic:  3/3        EV:  9    Int:  5    God:
Gold:   59         SH:  5    Dex: 11    Spells: 3/3 levels left

rFire   . . .      SeeInvis .   a - +0 long sword
rCold   + . .      Faith    .   c - +0 buckler
rNeg    . . .      Spirit   .   b - +0 scale mail
rPois   .          Reflect  .   (helmet restricted)
rElec   .          Harm     .   (no cloak)
rCorr   .          Rampage  .   (no gloves)
Will    .....                   (no boots)
Stlth   ..........              (no amulet)
HPRegen 0.13/turn               (no ring)
MPRegen 0.08/turn               (no ring)

@: no status effects
A: horns 2, retaliatory headbutt, cold resistance 1, noise suppression
a: no special abilities


You were on level 2 of the Dungeon.
You visited 1 branch of the dungeon, and saw 3 of its levels.

You collected 59 gold pieces.

Inventory:

Hand Weapons
 a - a +0 long sword (weapon)
Armour
 b - a +0 scale mail (worn)
 c - a +0 buckler (worn)
Scrolls
 e - a scroll of brand weapon
 g - a scroll of poison
Potions
 d - a potion of might
 f - a potion of mutation
 h - a potion of degeneration {unknown}
 j - a potion of curing {unknown}


   Skills:
 + Level 4.2 Fighting
 + Level 3.6 Long Blades
 + Level 4.4 Armour
 + Level 0.5 Dodging
 + Level 4.4 Shields


You had 3 spell levels left.
You didn't know any spells.
Your spell library was empty.

Dungeon Overview and Level Annotations

Branches:
Dungeon (3/15)

Altars:

Shops:
D:1 ?


Innate Abilities, Weirdness & Mutations

You have a pair of horns on your head.
You reflexively headbutt those who attack you in melee.
Your flesh is cold resistant. (rC+)
You passively dampen the noise of your surroundings.


Message History

g - a scroll of poison You start resting.
HP restored.
There is a stone staircase leading down here.
You climb downwards.
The gnoll barely misses you. The gnoll hits you with a +0 club. x2
There is a stone staircase leading up, spattered with blood here.
The gnoll closely misses you. You block the gnoll's attack.
The gnoll closely misses you.
You climb upwards.
There is a stone staircase leading down here.
Unknown command.
The gnoll attacks as you move away! The gnoll hits you but does no damage.
The gnoll hits you with a +0 club. The gnoll barely misses you.
The gnoll attacks as you move away! The gnoll closely misses you.
The gnoll hits you with a +0 club.
You slash the gnoll!
The gnoll is severely wounded.
The gnoll hits you with a +0 club.
You hit the gnoll.
The gnoll is severely wounded.
The gnoll hits you with a +0 club.
The gnoll throws a throwing net.
The throwing net hits you.
You become entangled in the net!
You tear a large gash into the net.
The gnoll hits you with a +0 club. The gnoll barely misses you.
You struggle against the net.
The gnoll hits you with a +0 club! The gnoll hits you but does no damage.
The gnoll hits you with a +0 flail.
You rip the net and break free!
The gnoll misses you. The gnoll closely misses you. You furiously retaliate!
You headbutt the gnoll.
You kill the gnoll!
The gnoll closely misses you.
Unknown command.
The gnoll hits you with a +0 club. The gnoll attacks as you move away!
The gnoll closely misses you. You furiously retaliate!
You headbutt the gnoll, but do no damage.
The gnoll attacks as you move away! The gnoll hits you with a +0 flail.
* * * LOW HITPOINT WARNING * * *
The gnoll attacks as you move away! The gnoll hits you with a +0 club!
You die...

###.##..........# #########..##.
# #.##..........#####.........##.
###.##..........+.............##.
#...............#####.######..##.
#.#.###......<..#####.# #..##.
#.#.######'##.........# #...#.
..#.#.####.##.........# #...#.
###.#......##).g......######...#.
..........[....g@..............#.
....#.......#.........######...#.
#...#.......#..########..........
...........>#(.# #.####...#.
#...#.####).#..#### #.# #...#.
#...#.####........#####.####...#.
...............................#.
..)...............#####.#####..#.
#...#.#####.#..###### #.# #..#.


You could see 2 gnolls.

Vanquished Creatures
  Terence (D:2)
  2 gnolls (D:2)
  An adder (D:2)
  5 ball pythons
  3 bats (D:2)
  3 endoplasms
  2 goblins (D:1)
  5 hobgoblins
  7 kobolds
  2 quokkas (D:1)
  6 frilled lizards
  3 rats (D:1)
40 creatures vanquished.

Notes
Turn   | Place    | Note
-------+----------+-------------------------------------------
     0 | D:1      | Peloso the Minotaur Fighter began the quest for the Orb.
     0 | D:1      | Reached XP level 1. HP: 19/19 MP: 0/0
   164 | D:1      | Reached XP level 2. HP: 27/27 MP: 1/1
   511 | D:1      | Found Laaregoo's Magic Scroll Emporium.
   553 | D:1      | Found a faded altar of an unknown god.
   721 | D:2      | Reached XP level 3. HP: 33/33 MP: 2/2
  1174 | D:2      | Gained mutation: You have supernaturally acute eyesight.
                  | (SInv) [potion of mutation]
  1174 | D:2      | Gained mutation: You have sharp toenails. [potion of
                  | mutation]
  1175 | D:2      | Lost mutation: You have sharp toenails. [potion of
                  | mutation]
  1175 | D:2      | Lost mutation: You have supernaturally acute eyesight.
                  | (SInv) [potion of mutation]
  1175 | D:2      | Gained mutation: Your flesh is cold resistant. (rC+)
                  | [potion of mutation]
  1175 | D:2      | Gained mutation: You passively dampen the noise of your
                  | surroundings. [potion of mutation]
  1227 | D:2      | Noticed Terence
  1233 | D:2      | Killed Terence
  1234 | D:2      | Reached XP level 4. HP: 33/40 MP: 3/3
  1680 | D:2      | Slain by a gnoll

Illustrated notes

Levels and vault maps discovered:
D:1:      co_arrival_square_in_a_square_in_a_square, layout_rooms, serial_shops,
          shop, basic_ecumenical_altar
D:2:      layout_basic, grunt_ministairs_1, uniq_terence
D:3:      layout_loops_ring, grunt_ministairs_3

Skill      XL: |  1  2 |
---------------+-------+-----
Fighting       | 4 |  4.2
Armour         | 4 |  4.4
Shields        | 4 |  4.4
Long Blades    | 3 |  3.6
Dodging        | |  0.5

Action                   |  1- 3 |  4- 6 || total
-------------------------+-------+-------++-------
Melee: Long sword        |    69 |     5 ||    74
       Headbutt          |     8 |     1 ||     9
  Use: Potion            |     3 |       ||     3
       Scroll            |     1 |     2 ||     3
Armor: Scale mail        |    35 |     2 ||    37
Dodge: Dodged            |    41 |    10 ||    51
Block: Buckler           |    25 |     1 ||    26
